 Dungeon Crawl Stone Soup version 0.30-b1-2-g02819fbbbe (webtiles) character file.

Game seed: 11223656928332304302

2360 justbeatit the Cleaver (level 9, -3/79 HPs)
             Began as a Minotaur Berserker on Nov 3, 2023.
             Was a Believer of Trog.
             Slain by a boulder beetle (18 damage)
             ... on level 8 of the Dungeon on Nov 4, 2023.
             The game lasted 01:12:17 (5538 turns).

justbeatit the Cleaver (Minotaur Berserker)         Turns: 5538, Time: 01:12:17

Health: -3/79      AC: 12    Str: 26    XL:     9   Next: 21%
Magic:  8/8        EV: 11    Int:  4    God:    Trog [**....]
Gold:   336        SH:  0    Dex: 10    Spells: 5/8 levels left

rFire   . . .        t - +0 war axe
rCold   . . .        (no shield)
rNeg    . . .        g - +0 scale mail
rPois   +            (helmet restricted)
rElec   .            i - scarf {harm}
rCorr   .            (no gloves)
SInv    .            (no boots)
Will    ++...        (no amulet) Stlth
                     c - +4 ring of protection
HPRegen 1.33/turn    n - ring of poison resistance
MPRegen 0.11/turn

%: harm (+30% outgoing, +20% incoming)
@: strong-willed, regenerating
A: horns 2, retaliatory headbutt
a: Renounce Religion, Berserk, Trog's Hand


You were on level 8 of the Dungeon.
You worshipped Trog.
Trog was pleased with you.
You visited 2 branches of the dungeon, and saw 9 of its levels.

You collected 336 gold pieces.

Inventory:

Hand Weapons
 a - a +0 hand axe
 f - a +0 mace
 t - a +0 war axe (weapon)
Missiles
 q - 3 throwing nets
Armour
 g - a +0 scale mail (worn)
 i - a scarf of harm (worn)
Jewellery
 c - a +4 ring of protection (left hand)
 k - the ring "Paraese" {rPois rCorr Int+2 SInv}
   (You found it on level 2 of the Dungeon)

   [ring of resist corrosion]

   Int:       It affects your intelligence (+2).
   rPois:     It protects you from poison.
   SInv:      It lets you see invisible.
   rCorr:     It protects you from acid and corrosion.
 n - a ring of poison resistance (right hand)
 y - an amulet of magic regeneration
Scrolls
 b - 6 scrolls of enchant weapon {unknown}
 d - a scroll of summoning {unknown}
 e - 13 scrolls of identify {unknown}
 o - 4 scrolls of fog
 p - a scroll of torment {unknown}
 s - 3 scrolls of teleportation {unknown}
 u - a scroll of fear {unknown}
 v - a scroll of vulnerability {unknown}
 x - a scroll of amnesia {unknown}
Potions
 h - 2 potions of cancellation {unknown}
 j - 5 potions of lignification {unknown}
 l - 3 potions of heal wounds {unknown}
 m - 6 potions of curing {unknown}
 r - a potion of mutation {unknown}
 w - 2 potions of brilliance {unknown}


   Skills:
 + Level 7.0 Fighting
 + Level 10.5 Axes
 + Level 7.6 Armour
 + Level 4.6 Dodging
 - Level 1.6 Stealth
 - Level 0.8 Fire Magic
 - Level 0.3 Evocations


You had 5 spell levels left.
You knew the following spells:

 Your Spells              Type           Power      Damage    Failure   Level
a - Inner Flame           Hex/Fire       0%         N/A       96%         3

Your spell library contained the following spells:

 Spells                   Type           Power      Damage    Failure   Level
 Flame Wave               Conj/Fire      0%         2d4       100%        4
 Sticky Flame             Conj/Fire      0%         2d3       100%        4


Dungeon Overview and Level Annotations

Branches:
Dungeon (8/15)             Temple (1/1) D:7
   Lair: D:8-11

Altars:
Ashenzari
Cheibriados
Elyvilon
Hepliaklqana
Kikubaaqudgha
Makhleb
Nemelex Xobeh
Okawaru
Qazlal
Ru
Sif Muna
Trog
Uskayaw
Vehumet
Wu Jian
Xom
Yredelemnul
Zin
The Shining One

Shops:
D:2 :


Innate Abilities, Weirdness & Mutations

You have a pair of horns on your head.
You reflexively headbutt those who attack you in melee.


Message History

You hit the sky beast.
The sky beast is almost dead.
The sky beast hits you but does no damage.
You hit the sky beast.
You kill the sky beast!
Trog accepts your kill. The boulder beetle hits you!!
Ouch! That really hurt!
* * * LOW HITPOINT WARNING * * *
The boulder beetle stops rolling and uncurls.
Your skin crawls.
You feel strong-willed.
The boulder beetle bites you but does no damage.
Your unstable footing causes you to fumble your attack.
You feel the effects of Trog's Hand fading.
The boulder beetle barely misses you.
You barely miss the boulder beetle.
The boulder beetle leaps!
You see here a sky beast corpse.
Your skin stops crawling.
You feel less strong-willed.
The boulder beetle curls into a ball and begins rolling!
The boulder beetle hits you!
* * * LOW HITPOINT WARNING * * *
The boulder beetle stops rolling and uncurls.
Your skin crawls.
You feel strong-willed. The boulder beetle barely misses you.
You furiously retaliate!
You headbutt the boulder beetle!
You hit the boulder beetle but do no damage.
You headbutt the boulder beetle, but do no damage.
The boulder beetle is lightly wounded.
The boulder beetle leaps!
You hit the boulder beetle but do no damage.
Your headbutt misses the boulder beetle.
The boulder beetle is lightly wounded.
The boulder beetle bites you!
* * * LOW HITPOINT WARNING * * *
You hit the boulder beetle but do no damage.
The boulder beetle is lightly wounded.
The boulder beetle bites you!
You die...

#########
#.......#
#..@B...#
#.......#
#.......+
#...##+##
#...##.##
#........
#........
#†..........
#~.........


You could see a boulder beetle.

Vanquished Creatures
  Sigmund (D:5)
  Menkaure (D:4)
  Duvessa (D:7)
  A sky beast (D:8)
  2 orc warriors
  A black bear (D:6)
  An ogre (D:5)
  A phantom (D:5)
  Blork the orc (D:4)
  3 scorpions
  2 gnoll sergeants
  Dowan (D:7)
  A howler monkey (D:5)
  3 hounds
  5 jellies
  An orc priest (D:6)
  Crazy Yiuf (D:7)
  2 gnoll boudas
  5 iguanas
  Terence (D:2)
  2 orc wizards
  Ijyb (D:3)
  26 gnolls
  6 adders
  2 river rats (D:3)
  A shadow imp (D:4)
  A white imp (D:7)
  2 worms
  3 dart slugs
  16 orcs
  4 endoplasms
  2 giant cockroaches
  6 goblins
  4 hobgoblins
  4 jackals (D:1)
  8 kobolds
  A quokka (D:3)
  8 ball pythons
  4 bats
  A frilled lizard (D:2)
  6 rats
143 creatures vanquished.

Notes
Turn   | Place    | Note
-------+----------+-------------------------------------------
     0 | D:1      | justbeatit the Minotaur Berserker began the quest for the
                  | Orb.
     0 | D:1      | Reached XP level 1. HP: 19/19 MP: 0/0
   177 | D:1      | Reached XP level 2. HP: 23/27 MP: 1/1
   179 | D:1      | Reached skill level 4 in Axes
   327 | D:1      | You fall into a shaft and drop 1 floor!
   338 | D:2      | Noticed Terence
   348 | D:2      | Killed Terence
   349 | D:2      | Reached XP level 3. HP: 30/34 MP: 2/2
   416 | D:2      | Found Elenad's Book Shop.
   486 | D:1      | Reached XP level 4. HP: 41/41 MP: 3/3
   616 | D:1      | Reached ** piety under Trog
   845 | D:2      | Found a white marble altar of Elyvilon.
   854 | D:2      | Identified the ring "Paraese" {rPois rCorr Int+2 SInv}
   915 | D:2      | Found a faded altar of an unknown god.
   938 | D:2      | Was placed under penance by Trog
   942 | D:2      | Learned a level 3 spell: Inner Flame
  1191 | D:2      | Paralysed by Trog for 6 turns
  1229 | D:3      | Noticed Ijyb
  1243 | D:3      | Killed Ijyb
  1244 | D:3      | Reached skill level 5 in Axes
  1279 | D:3      | Identified the +0 robe of Masochism {Will+ Dex-2 Stlth+}
  1492 | D:3      | Found a glowing drain.
  1499 | D:3      | Reached XP level 5. HP: 34/47 MP: 4/4
  1886 | D:3      | Found an iron altar of Okawaru.
  2380 | D:4      | Reached skill level 5 in Fighting
  2409 | D:4      | Reached skill level 6 in Axes
  2409 | D:4      | Reached XP level 6. HP: 52/56 MP: 5/5
  2449 | D:4      | Noticed Menkaure
  2458 | D:4      | Killed Menkaure
  2496 | D:4      | HP: 1/56 [gnoll/+0 spear[a gnoll bouda] (8)]
  2520 | D:4      | Was forgiven by Trog
  2532 | D:4      | HP: 1/56 [gnoll/+0 spear[a gnoll bouda] (8)]
  2773 | D:4      | Reached skill level 1 in Stealth
  2832 | D:4      | Reached skill level 5 in Armour
  2832 | D:4      | Reached XP level 7. HP: 61/61 MP: 6/6
  2884 | D:4      | Noticed Blork the orc
  2889 | D:4      | Killed Blork the orc
  2890 | D:4      | Reached skill level 7 in Axes
  3071 | D:5      | Entered Level 5 of the Dungeon
  3086 | D:5      | Noticed Sigmund
  3094 | D:5      | Killed Sigmund
  3095 | D:5      | Reached skill level 8 in Axes
  3095 | D:5      | Reached XP level 8. HP: 10/70 MP: 7/7
  3364 | D:5      | Identified the +1 robe "Esat" {Int+2}
  3585 | D:5      | Reached skill level 9 in Axes
  3890 | D:5      | Found an ancient bone altar of Kikubaaqudgha.
  4638 | D:6      | Found a glowing golden altar of the Shining One.
  4638 | D:6      | Found a white marble altar of Elyvilon.
  4638 | D:6      | Found a glowing silver altar of Zin.
  4825 | D:7      | Noticed Dowan
  4828 | D:7      | Noticed Duvessa
  4834 | D:7      | Found a broken altar of Ashenzari.
  4839 | D:7      | Killed Duvessa
  4840 | D:7      | Reached skill level 10 in Axes
  4840 | D:7      | Reached XP level 9. HP: 78/78 MP: 8/8
  4842 | D:7      | Killed Dowan
  5069 | D:7      | Found a staircase to the Ecumenical Temple.
  5084 | Temple   | Entered the Ecumenical Temple
  5373 | D:7      | Found a runed translucent door.
  5374 | D:7      | Noticed Crazy Yiuf
  5380 | D:7      | Killed Crazy Yiuf
  5516 | D:8      | Noticed a boulder beetle
  5538 | D:8      | Slain by a boulder beetle

Illustrated notes

Levels and vault maps discovered:
D:1:      ncdulo_wetmaze, layout_loops_ring
D:2:      layout_rooms, serial_shops, shop, hellmonk_ecumenical_altar_lost_god,
          basic_altar, uniq_terence
D:3:      layout_basic, mainiacjoe_overflow_alcove_2, portal_sewer_entry_e,
          uniq_ijyb
D:4:      layout_gridville, uniq_blork_the_orc, uniq_menkaure
D:5:      layout_cave_pools, kennysheep_mini, uniq_sigmund
D:6:      layout_layer_cave, dreamdust_divine_triumvirate
D:7:      layout_loops_ring, mainiacjoe_overflow_boulevard,
          minmay_temple_entry_slanted, nrook_loot_triangle,
          amcnicky_mini_rare_corridor_liquid, minmay_misc_feat_ornament,
          minivault_19, uniq_duvessa, uniq_crazy_yiuf_cottage
D:8:      layout_gridville, uniq_pikel
Temple:   cyrus_circular_temple

Skill      XL: |  1  2  3  4  5  6  7  8  9 |
---------------+----------------------------+-----
Fighting       | 4 5 6 7 |  7.0
Axes           | 4 5 6 8 10 | 10.5
Armour         | 3 4 5 6 7 |  7.6
Dodging        | 3 4 |  4.6
Stealth        | 1 |  1.6
Fire Magic     | |  0.8
Evocations     | |  0.3

Action                     |  1- 3 |  4- 6 |  7- 9 || total
---------------------------+-------+-------+-------++-------
  Melee: Hand axe          |    48 |    69 |       ||   117
         Headbutt          |    12 |     9 |    18 ||    39
         War axe           |       |    44 |   151 ||   195
         Punch             |       |     1 |     1 ||     2
 Invoke: Berserk           |       |       |     8 ||     8
         Trog's Hand       |       |       |     2 ||     2
  Evoke: Wand              |       |     7 |     2 ||     9
    Use: Scroll            |     1 |     1 |       ||     2
         Potion            |       |     1 |       ||     1
   Stab: Paralysed         |       |     5 |       ||     5
 Armour: Animal skin       |     3 |       |       ||     3
         Ring mail         |     2 |       |       ||     2
         Scale mail        |     3 |    68 |    58 ||   129
  Dodge: Dodged            |    27 |    72 |    86 ||   185
